 Dungeon Crawl Stone Soup version 0.18.1-5-g4a78601 (webtiles) character file.

157 tyvek the Skirmisher (level 5, -6/43 HPs)
             Began as a Formicid Abyssal Knight on May 14, 2016.
             Was a Believer of Lugonu.
             Killed by divine providence
             ... invoked by an orc priest
              (13 damage)
             ... on level 3 of the Dungeon.
             The game lasted 00:05:15 (2649 turns).

tyvek the Skirmisher (Formicid Abyssal Knight)      Turns: 2649, Time: 00:05:16

Health: -6/43      AC:  9    Str: 17    XL:     5   Next: 66%
Magic:  6/7        EV: 10    Int: 12    God:    Lugonu [**....]
Gold:   125        SH:  3    Dex: 10    Spells: 0 memorised, 4 levels left

rFire  x . .     SeeInvis +     a - +1 mace
rCold  + . .     Gourm    .     d - +3 ring mail
rNeg   . . .     Faith    .     b - +0 buckler
rPois  .         Spirit   .     (helmet unavailable)
rElec  .         Dismiss  .     (no cloak)
rCorr  .         Reflect  .     h - +0 pair of gloves
SustAt .         Harm     .     (no boots)
MR     .....                    (no amulet)
Stlth  ..........               (no ring)
                                t - ring of ice {rC+, rF-}

@: not resistant to hostile enchantments, extremely unstealthy
A: permanent stasis, dig shafts and tunnels, four strong arms, antennae 3
a: Dig, Shaft Self, Depart the Abyss, Bend Space, Renounce Religion


You were on level 3 of the Dungeon.
You worshipped Lugonu.
Lugonu was pleased with you.
You were not hungry.

You visited 1 branch of the dungeon, and saw 3 of its levels.
You visited the Abyss 1 time.

You collected 125 gold pieces.

Inventory:

Hand Weapons
 a - a +1 mace (weapon)
Armour
 b - a +0 buckler (worn)
   (You found it on level 1 of the Abyss)
 d - a +3 ring mail (worn)
   (You found it on level 1 of the Abyss)
 h - a +0 pair of gloves (worn)
   (You found it on level 1 of the Dungeon)
Jewellery
 t - a ring of ice (left hand) {rC+, rF-}
   (You found it on level 2 of the Dungeon)
Wands
 s - a wand of lightning (8/15)
   (You found it on level 2 of the Dungeon)
Scrolls
 g - a scroll of noise {unknown}
 l - a scroll of recharging {unknown}
 m - 3 scrolls of magic mapping {unknown}
 n - 4 scrolls of identify {unknown}
 o - a scroll of remove curse {unknown}
 q - a scroll of fear {unknown}
 r - 2 scrolls of enchant weapon {unknown}
 x - a scroll of immolation {unknown}
Potions
 e - 3 potions of lignification {unknown}
 f - 4 potions of invisibility {unknown}
 i - a potion of magic {unknown}
 k - a potion of agility {unknown}
 v - 2 potions of resistance {unknown}
 w - a potion of might {unknown}
 z - a potion of curing {unknown}
 A - a potion of cure mutation {unknown}
 B - a potion of mutation {unknown}
Comestibles
 c - 4 bread rations {@e1}
 j - a slice of pizza
 p - a meat ration {@e2}
 u - a chunk of flesh {@w0}


   Skills:
 + Level 4.3 Fighting
 * Level 3.5 Maces & Flails
 + Level 3.0 Armour
 - Level 1.3 Dodging
 + Level 3.2 Invocations


You had 4 spell levels left.
You didn't know any spells.

Dungeon Overview and Level Annotations

Branches:
Dungeon (3/15)

Altars:
Gozag
Qazlal
Sif Muna


Innate Abilities, Weirdness & Mutations

You are under a permanent stasis effect.
You can dig through walls and to a lower floor.
Your four strong arms can wield two-handed weapons with a shield.
You have a pair of large antennae on your head (SInv).


Message History

You hit the orc wizard.
The orc wizard hits you but does no damage.
The orc hits you but does no damage.
The orc wizard hits you but does no damage.
You sock the orc wizard!
You kill the orc wizard!
Lugonu accepts your kill.
The orc hits you from afar with a trident.
You take 1 damage, and have 37/43 hp.
The orc hits you but does no damage.
Things that are here:
an enchanted hand axe; a leather armour Your shield and ring mail prevent you from hitting the orc.
The orc barely misses you.
You sock the orc!
You kill the orc!
Lugonu accepts your kill.
Your Armour skill increases to level 3!
No target in view!
No target in view!
Things that are here:
a trident; an orc corpse You butcher the orc corpse.
u - a chunk of flesh {@w0}
Things that are here:
a trident; an orc skeleton
Things that are here:
an enchanted hand axe; a leather armour
Things that are here:
a dagger; a robe
m - 3 scrolls labeled ERGHYL IVAXEDA (gained 1)
n - 4 scrolls labeled DIEFRA FUCS (gained 1)
c - 3 bread rations {@e1} (gained 1)
A - a puce potion You regained 3 hp, and now have 42/43 hp.
B - a cyan potion Health restored: 43
e - 3 green potions (gained 1)
Found a stone staircase leading down.
You now have 125 gold pieces (gained 8).
There is a stone staircase leading down here.
c - 4 bread rations {@e1} (gained 1)
You open the door.
There is an open door here.
A giant newt and an orc priest come into view.
The orc priest shouts!
An orc priest comes into view. It is wielding a whip.
There are monsters nearby!
There are monsters nearby!
There are monsters nearby!
There are monsters nearby!
An orc comes into view. It is wielding a falchion.
The orc shouts!
The orc moves out of view.
Found a stormy altar of Qazlal. 2 orcs come into view.
The orc shouts!
The orc priest calls down the wrath of Beogh upon you.
Pain shoots through your body!
You take 8 damage, and have 35/43 hp.
Drink which item? (? for menu, Esc to quit)
Okay, then.
Read which item? (? for menu, Esc to quit)
Okay, then.
An orc and an orc priest come into view.
The orc shouts!
You block the giant newt's attack.
An orc comes into view. It is wielding a whip.
An orc comes into view. It is wielding a mace.
The orc shouts! x2
The orc hits you but does no damage. The orc priest closely misses you.
The giant newt closely misses you.
The orc priest hits you but does no damage.
You closely miss the orc priest.
The orc priest mumbles some strange prayers to Beogh against you.
Beogh smites you! The orc hits you but does no damage.
The orc priest calls down the wrath of Beogh upon you.
Beogh smites you!
* * * LOW HITPOINT WARNING * * *
The giant newt bites you but does no damage.
The orc priest hits you but does no damage.
You take 26 damage, and have 9/43 hp.
MASSIVE DAMAGE!!
Drink which item? (? for menu, Esc to quit)
Okay, then.
Read which item? (? for menu, Esc to quit)
Okay, then.
Drink which item? (? for menu, Esc to quit)
Okay, then.
Space bends around you!
You blink.
* * * LOW HITPOINT WARNING * * *
You feel slightly more hungry.
An orc comes into view.
The orc shouts!
The orc hits you.
* * * LOW HITPOINT WARNING * * *
The orc priest calls down the wrath of Beogh upon you.
Beogh smites you!
You die...

.#####..#.#
.'......#.###.
.####...#.#...
.............. ##
............... . .
.#####..#.#.#.# .##.#
............... .....
.#####..#.#)#.####o.##..
...............o@oo...o.
.#####..#.....olo...o...
.#####.........§oo..##..
.##.##..###+#.####.##
.#............# .#
.#............# .#
######
.#..............(. #
......
.#..........≈≈≈....
......
.#.....≈....≈≈§§....
......


You could see 3 orc priests, 7 orcs and a giant newt.

Vanquished Creatures
  An orc wizard (D:3)
  4 adders
  3 oozes
  2 worms (D:2)
  A dart slug (D:3)
  2 giant geckos
  3 orcs (D:3)
  5 goblins
  7 hobgoblins
  11 jackals
  2 quokkas (D:3)
  2 ball pythons (D:1)
  2 bats
  4 giant newts
  12 kobolds
  6 rats
67 creatures vanquished.

Notes
Turn   | Place    | Note
--------------------------------------------------------------
     0 | Abyss:1  | tyvek the Formicid Abyssal Knight began the quest for the Orb.
     0 | Abyss:1  | Reached XP level 1. HP: 18/18 MP: 2/2
    47 | Abyss:1  | Noticed a small abomination
    60 | Abyss:1  | Noticed a small abomination
    76 | Abyss:1  | Noticed a thrashing horror
    80 | D:1      | Escaped the Abyss
   222 | D:1      | Reached skill level 1 in Dodging
   233 | D:1      | Reached XP level 2. HP: 12/24 MP: 3/3
   454 | D:1      | Reached * piety under Lugonu
   710 | D:1      | Reached XP level 3. HP: 29/29 MP: 4/4
  1372 | D:2      | Found an opulent altar of Gozag.
  1534 | D:2      | Found a deep blue altar of Sif Muna.
  1552 | D:2      | Reached XP level 4. HP: 27/37 MP: 6/6
  1615 | D:2      | Reached skill level 4 in Fighting
  1898 | D:2      | Reached ** piety under Lugonu
  1908 | D:2      | Reached skill level 3 in Maces & Flails
  2056 | D:3      | Reached XP level 5. HP: 22/42 MP: 7/7
  2272 | D:3      | Reached skill level 3 in Invocations
  2520 | D:3      | Reached skill level 3 in Armour
  2644 | D:3      | Found a stormy altar of Qazlal.
  2648 | D:3      | HP: 9/43 [orc priest/divine providence (13)]
  2649 | D:3      | Killed from afar by an orc priest

Skill      XL: |  1  2  3  4  5 |
---------------+----------------+-----
Dodging        | 1 |  1.3
Fighting       | 4 |  4.3
Maces & Flails | 3 |  3.5
Invocations    | 3 |  3.2
Armour         | 3 |  3.0

Action                   |  1- 3 |  4- 6 || total
-------------------------+-------+-------++-------
Melee: Mace              |   110 |   127 ||   237
Invok: Depart the Abyss  |     1 |       ||     1
       Bend Space        |       |     1 ||     1
 Abil: Dig               |     1 |       ||     1
  Eat: Chunk             |     2 |     4 ||     6
Armor: Ring mail         |    62 |    92 ||   154
Dodge: Dodged            |    80 |    98 ||   178
Block: Buckler           |     4 |    22 ||    26

Vault maps used:
D:1:      dpeg_arrival_circle_labyrinth_a, nrook_mini_vaults
D:2:      old_standard_altar, grunt_gozag_statues
D:3:      nicolae_qazlal_general_emergency, first_bread, uniq_robin
Abyss:1:  guppyfry_abyss_exit_glass_guarded

Table legend:
 A = Turns spent in this place as a percentage of turns spent in the entire game.
 B = Non-inter-level travel turns spent in this place as a percentage of non-inter-level travel turns spent in the entire game.
 C = Inter-level travel turns spent in this place as a percentage of turns spent in this place.
 D = Turns resting spent in this place as a percentage of non-inter-level travel turns spent in this place.
 E = Turns spent auto-exploring this place as a percentage of non-inter-level travel turns spent in this place.
 F = Non-inter-level travel turns spent in this place divided by the number of levels of this place that you've seen.
                   A       B       C       D       E      F
               +-------+-------+-------+-------+-------+----------------------
         Total | 100.0 | 100.0 |   0.4 |   1.3 |  14.7 | 189.0
       Dungeon |  90.5 |  90.5 |   0.4 |   1.5 |  16.2 | 228.0
         Abyss |   9.5 |   9.5 |   0.0 |   0.0 |   0.0 |  72.0
               +-------+-------+-------+-------+-------+----------------------

Table legend:
 A = Kills in this place as a percentage of kills in entire the game.
 B = Kills by you in this place as a percentage of kills by you in the entire game.
 C = Kills by friends in this place as a percentage of kills by friends in the entire game.
 D = Other kills in this place as a percentage of other kills in the entire game.
 E = Experience gained in this place as a percentage of experience gained in the entire game.
 F = Experience gained in this place divided by the number of levels of this place that you have seen.
                   A       B       C       D       E      F
               +-------+-------+-------+-------+-------+----------------------
         Total | 100.0 | 100.0 |  -nan |  -nan | 100.0 |  56.2
       Dungeon | 100.0 | 100.0 |  -nan |  -nan | 100.0 |  75.0
               +-------+-------+-------+-------+-------+----------------------
